 Dungeon Crawl Stone Soup version 0.16.1-11-g651b585 (webtiles) character file.

1866 hulla the Fighter (level 9, -7/65 (70) HPs)
             Began as an Octopode Transmuter on Apr 7, 2015.
             Was a Priest of Makhleb.
             Splashed by a jelly's acid (14 damage)
             ... on level 7 of the Dungeon.
             The game lasted 00:44:20 (8478 turns).

hulla the Fighter (Octopode Transmuter)             Turns: 8478, Time: 00:44:20

HP:   -7/65 (70)    AC:  1    Str:  9    XL:     9   Next: 13%
MP:   13/15         EV: 12    Int: 20    God:    Makhleb [***...]
Gold: 266           SH:  0    Dex: 15    Spells: 3 memorised, 6 levels left

rFire  + . .     SeeInvis .     b - 118 arrows
rCold  . . .     Clarity  .     (no shield)
rNeg   . . .     SustAb   .     (helmet restricted)
rPois  +         Gourm    .     (no amulet)
rElec  .         Spirit   .     c - ring of protection from fire
rCorr  .         Warding  .     f - ring of poison resistance
rMut   .         Stasis   .     x - +2 ring of intelligence
MR     .....                    C - +2 ring of dexterity
Stlth  ++........               (no ring)
                                (no ring)
                                (no ring)
                                (no ring)

@: not resistant to hostile enchantments, unstealthy
A: almost no armour, amphibious, 8 rings, constrict 8, camouflage 1, gelatinous
body 1
a: Minor Destruction, Lesser Servant of Makhleb, Renounce Religion


You were on level 7 of the Dungeon.
You worshipped Makhleb.
Makhleb was most pleased with you.
You were not hungry.

You visited 2 branches of the dungeon, and saw 8 of its levels.

You collected 266 gold pieces.

Inventory:

Hand weapons
 o - a +0 spear
 q - a cursed +0 hunting sling
Missiles
 b - 118 arrows (in tentacle)
 e - 48 stones (quivered)
 h - 19 arrows of frost
 y - 18 poisoned needles
Jewellery
 c - a ring of protection from fire (left tentacle)
 f - a ring of poison resistance (right tentacle)
 x - a +2 ring of intelligence (on tentacle)
 C - a +2 ring of dexterity (on tentacle)
Magical devices
 n - a wand of flame (48)
 z - a wand of digging (19)
 A - a wand of disintegration (13)
 B - a wand of polymorph (8)
Scrolls
 i - a scroll of remove curse
 m - 7 scrolls of identify
 p - a scroll of recharging
 s - a scroll of blinking
 v - a scroll of magic mapping
Potions
 l - 2 potions of curing
 t - a potion of agility
 D - 2 potions of brilliance {unknown}
 E - a potion of flight
Books
 d - a book of Changes

   Spells                             Type                      Level
   a - Beastly Appendage              Transmutation                1
   b - Sticks to Snakes               Transmutation                2
   c - Spider Form                    Transmutation/Poison         3
   d - Ice Form                       Ice/Transmutation            4
   e - Blade Hands                    Transmutation                5
 u - a book of Flames

   Spells                             Type                      Level
   a - Flame Tongue                   Conjuration/Fire             1
   b - Throw Flame                    Conjuration/Fire             2
   c - Conjure Flame                  Conjuration/Fire             3
   d - Inner Flame                    Hexes/Fire                   3
   e - Sticky Flame                   Conjuration/Fire             4
   f - Fireball                       Conjuration/Fire             5
 w - a book of Beasts

   Spells                             Type                      Level
   a - Summon Butterflies             Summoning                    1
   b - Call Canine Familiar           Summoning                    3
   c - Summon Ice Beast               Ice/Summoning                4
   d - Summon Mana Viper              Hexes/Summoning              5
   e - Monstrous Menagerie            Summoning                    6
   f - Summon Hydra                   Summoning                    7
Comestibles
 a - 5 bread rations
 g - 4 meat rations
 j - 3 beef jerkies
 k - 2 royal jellies
 r - a slice of pizza
 F - 4 chunks of flesh


   Skills:
 + Level 10.0 Fighting
 - Level 2.2 Dodging
 - Level 3.3 Unarmed Combat
 - Level 2.2 Spellcasting
 - Level 4.0 Transmutations
 - Level 4.5 Poison Magic


You had 6 spell levels left.
You knew the following spells:

 Your Spells              Type           Power        Failure   Level  Hunger
a - Beastly Appendage     Trmt           ###...       2%          1    #......
b - Spider Form           Trmt/Pois      ###.......   10%         3    ###....
c - Sticks to Snakes      Trmt           ###.......   4%          2    ##.....


Dungeon Overview and Level Annotations

Branches:
Dungeon (7/15)             Temple (1/1) D:4

Altars:
Cheibriados
Gozag
Kikubaaqudgha
Makhleb
Okawaru
Qazlal
Vehumet

Shops:
D:4 %


Innate Abilities, Weirdness & Mutations

You cannot wear most types of armour.
You are amphibious.
You can wear up to eight rings at the same time.
You can use your tentacles to constrict many enemies at once.
Your skin changes colour to match your surroundings (Stealth).
Your rubbery body absorbs attacks (AC +1).


Message History

The jelly closely misses you.
Wield which item (- for none, * to show all)? (? for menu, Esc to quit)
b - 119 arrows (in tentacle)
The jelly hits you.
* * * LOW HITPOINT WARNING * * *
You are splashed with acid!
The acid burns!
* * * LOW HITPOINT WARNING * * *
Casting: Spider Form
Confirm with . or Enter, or press ? or * to list all spells.
You create a snake!
The jelly barely misses you.
Your ball python bites the jelly.
Your ball python is burned by acid!
Your ball python withers and dies!
You hear a slurping noise.
You hear a slurping noise.
The jelly eats the door!
The jelly hits you.
* * * LOW HITPOINT WARNING * * *
You are splashed with acid!
The acid burns!
You die...

. ............. #...#
............ #...+
............ #...#
+##+#....... #...#
..+.......
#...#+###+####.#.......
#............#.#.......
#............#.#.......
#.....@......'.#.......
#...#J##.....#.'.......
#......+.....#.#.......
#...#+##.....#+#.......
#.........#'## #.......
#.........'..+ #.......
#.........#.## #.......
#.........#+# +.......
#.........# #......


You could see a jelly.

Vanquished Creatures
  Menkaure (D:6)
  An ogre (D:4)
  2 phantoms
  2 centaurs
  The ghost of giann the Firebug, an average GrFE (D:3)
  4 giant frogs
  A scorpion (D:4)
  3 crimson imps
  4 hounds
  A gnoll shaman (D:4)
  An orc priest (D:4)
  A centaur skeleton (D:5)
  A giant frog zombie (D:5)
  3 orc wizards
  4 worker ants
  An iguana (D:6)
  A hound skeleton (D:4)
  9 adders
  7 gnolls
  3 shadow imps (D:5)
  4 worms
  An adder skeleton (D:4)
  An adder zombie (D:6)
  7 giant geckos
  23 orcs
  2 bat skeletons
  6 giant cockroaches
  16 hobgoblins
  2 jackals (D:1)
  12 kobolds
  3 quokkas
  A ball python (D:5)
  A ball python skeleton (D:6)
  11 bats
  13 giant newts
  A giant spore (D:6)
  17 goblins
  A quokka zombie (D:6)
  23 rats
  2 ballistomycetes
198 creatures vanquished.

Vanquished Creatures (collateral kills)
  A water moccasin (D:6)
  Sigmund (D:3)
  An iguana (D:5)
  A gnoll (D:6)
4 creatures vanquished.

Vanquished Creatures (others)
  A giant spore (D:7)
1 creature vanquished.

Grand Total: 203 creatures vanquished

Notes
Turn   | Place    | Note
--------------------------------------------------------------
     0 | D:1      | hulla, the Octopode Transmuter, began the quest for the Orb.
     0 | D:1      | Reached XP level 1. HP: 13/13 MP: 3/3
    60 | D:1      | Reached XP level 2. HP: 11/18 MP: 2/4
   640 | D:1      | Reached XP level 3. HP: 20/23 MP: 6/6
   645 | D:1      | Learned a level 3 spell: Spider Form
   648 | D:1      | Learned a level 2 spell: Sticks to Snakes
   772 | D:2      | Reached skill level 1 in Poison Magic
  1145 | D:2      | Reached XP level 4. HP: 26/28 MP: 7/7
  1486 | D:2      | Found an ancient bone altar of Kikubaaqudgha.
  1659 | D:3      | Noticed Sigmund
  1720 | D:3      | Found a radiant altar of Vehumet.
  1768 | D:3      | Found an iron altar of Okawaru.
  1849 | D:3      | Noticed giann's ghost (average GrFE)
  1992 | D:3      | Reached skill level 4 in Poison Magic
  1992 | D:3      | Reached XP level 5. HP: 13/28 MP: 7/9
  2157 | D:3      | Killed giann's ghost
  2220 | D:3      | Found an opulent altar of Gozag.
  2493 | D:3      | Reached XP level 6. HP: 22/34 MP: 8/10
  2784 | D:3      | Killed Sigmund
  3146 | D:4      | Found Fudyn's Food Shoppe.
  3216 | D:4      | Reached XP level 7. HP: 13/42 MP: 10/12
  3763 | D:4      | Found a staircase to the Ecumenical Temple.
  3790 | Temple   | Entered the Ecumenical Temple
  3822 | Temple   | Became a worshipper of Makhleb the Destroyer
  4500 | D:4      | Reached skill level 5 in Fighting
  4957 | D:4      | Acquired Makhleb's first power
  4957 | D:4      | Reached skill level 6 in Fighting
  5456 | D:5      | Entered Level 5 of the Dungeon
  5484 | D:5      | Reached XP level 8. HP: 53/53 MP: 9/13
  5956 | D:5      | Reached skill level 7 in Fighting
  6577 | D:5      | Acquired Makhleb's second power
  6770 | D:6      | Reached skill level 8 in Fighting
  7456 | D:6      | Reached skill level 9 in Fighting
  7867 | D:6      | Noticed Menkaure
  7878 | D:6      | Killed Menkaure
  8161 | D:7      | Reached XP level 9. HP: 57/64 MP: 15/15
  8378 | D:7      | Acquired Makhleb's third power
  8434 | D:7      | Reached skill level 10 in Fighting
  8478 | D:7      | Splashed by a jelly's acid

Action                   |  1- 3 |  4- 6 |  7- 9 || total
-------------------------+-------+-------+-------++-------
Melee: Unarmed           |    96 |   146 |   367 ||   609
 Fire: Hunting sling     |       |     4 |       ||     4
Throw: Stone             |     3 |     1 |    46 ||    50
 Cast: Beastly Appendage |    13 |    17 |    16 ||    46
       Spider Form       |     1 |     5 |    39 ||    45
       Sticks to Snakes  |       |     3 |    20 ||    23
 Abil: End Transformatio |       |       |     2 ||     2
  Use: Scroll            |     4 |     4 |     1 ||     9
       Potion            |     3 |     3 |       ||     6
 Stab: Sleeping          |     2 |     3 |     1 ||     6
  Eat: Chunk             |     1 |     8 |    23 ||    32
